 Dungeon Crawl Stone Soup version 0.32-a0-886-g41c5271027 (webtiles) character file.

Game seed: 1453402413485373044

20 Tanttac the Poker (level 2, -7/22 HPs)
             Began as a Merfolk Gladiator on Apr 2, 2024.
             Engulfed by a cloud of poison gas (8 damage)
             ... on level 1 of the Dungeon.
             The game lasted 00:05:50 (226 turns).

Tanttac the Poker (Merfolk Gladiator)                Turns: 226, Time: 00:05:51

Health: -7/22      AC:  4    Str: 14    XL:     2   Next: 79%
Magic:  2/2        EV: 12    Int:  7    God:
Gold:   23         SH:  0    Dex: 15    Spells: 1/1 levels left

rFire   . . .        a - +0 trident
rCold   . . .        (no shield)
rNeg    . . .        b - +0 leather armour
rPois   .            c - +0 helmet
rElec   .            (no cloak)
rCorr   .            (no gloves)
SInv    .            (no boots)
Will    .....        (no amulet)
Stlth   +            (no ring)
HPRegen 0.23/turn    (no ring)
MPRegen 0.08/turn

%: no passive effects
@: lethally poisoned (-7 -> -54)
A: (nimble swimmer 2), mertail
a: no special abilities


You were on level 1 of the Dungeon.
You visited 1 branch of the dungeon, and saw 1 of its levels.

You collected 23 gold pieces.

Inventory:

Hand Weapons
 a - a +0 trident (weapon)
Missiles
 d - 2 throwing nets (quivered)
 e - a javelin
Armour
 b - a +0 leather armour (worn)
 c - a +0 helmet (worn)
Scrolls
 f - 2 scrolls of blinking
 g - 2 scrolls of poison


   Skills:
 + Level 2.2 Fighting
 + Level 4.6 Polearms
 + Level 2.1 Throwing
 + Level 0.1 Armour
 + Level 4.4 Dodging


You had one spell level left.
You didn't know any spells.
Your spell library was empty.

Dungeon Overview and Level Annotations

Branches:
Dungeon (1/15)

Altars:


Innate Abilities, Weirdness & Mutations

((You are very nimble when in or above water. (Stealth+, EV+, Speed+++)))
Your lower body shifts to a powerful aquatic tail in water.


Message History

The jackal is moderately wounded.
The jackal bites you. The jackal closely misses you.
You puncture the jackal!
You kill the jackal!
The jackal bites you. The jackal closely misses you.
You hit the jackal.
The jackal is lightly wounded.
The jackal bites you but does no damage.
You hit the jackal.
The jackal is moderately wounded.
The jackal barely misses you. The jackal bites you.
You hit the jackal.
You kill the jackal!
You see here a jackal corpse.
You see here a jackal corpse.
You now have 23 gold pieces (gained 19).
Found 3 scrolls labelled RACEG UNUFIUNU.
Found a stone staircase leading down.
g - 3 scrolls labelled RACEG UNUFIUNU You have 23 gold pieces.
Blink to where?
Press: ? - help, Dir - move target
Okay, then.
As you read the scroll labelled ARGHUE YGAI, it crumbles to dust.
It was a scroll of blinking.
Okay, then.
The air fills with toxic fumes!
As you read the scroll labelled RACEG UNUFIUNU, it crumbles to dust.
It was a scroll of poison.
Okay, then.
Sorry, I don't know how to get there.
You are engulfed in poison gas.
You are poisoned.
You feel very sick.
Found a bubbling purple potion.
You are engulfed in poison gas.
You are more poisoned.
* * * LOW HITPOINT WARNING * * *
You feel extremely sick.
You are engulfed in poison gas.
You are more poisoned.
You die...

####### .#
.....##.####!#
####......... #..
##.#........# #.#
...........# #.###
#.#......... ..§.
##.##...§#######§#
........§§§§§§§§§##§##.#
##.######§§§§.§§@§§§§..#
#...#...#§§§§§§§#####.##
#.......#§§§§§§§#
....#...#§§§§§§§#
##......§§§§§§§§#
#..#..##§§§§§§§#
#..#..##§##§####
#.....##§#§§ ####
#..#.###..# ....


There were no monsters in sight!

Vanquished Creatures
  2 dart slugs (D:1)
  2 ball pythons (D:1)
  3 bats (D:1)
  A hobgoblin (D:1)
  4 jackals (D:1)
  A quokka (D:1)
  A rat (D:1)
14 creatures vanquished.

Notes
Turn   | Place    | Note
-------+----------+-------------------------------------------
     0 | D:1      | Tanttac the Merfolk Gladiator began the quest for the Orb.
     0 | D:1      | Reached XP level 1. HP: 16/16 MP: 1/1
    93 | D:1      | Reached XP level 2. HP: 21/22 MP: 2/2
   225 | D:1      | HP: 1/22 [poisoned by you (poison gas)]
   226 | D:1      | Engulfed by a cloud of poison gas

Illustrated notes

Levels and vault maps discovered:
D:1:      ebering_hopf_link, layout_loops_cross

Action                     || total
---------------------------++-------
  Melee: Trident           ||    63
  Throw: Throwing net      ||     1
    Use: Scroll            ||     2
 Armour: Leather armour    ||    53
  Dodge: Dodged            ||    59

Table legend: (Time is in decaauts)
 A = Elapsed time spent in this place.
 B = Non-inter-level travel time spent in this place.
 C = Inter-level travel time spent in this place.
 D = Time resting spent in this place.
 E = Time spent auto-exploring this place.
 F = Levels seen in this place.
 G = Mean time per level.
                   A        B        C        D        E       F      G
               +--------+--------+--------+--------+--------+-----+--------+
         Total |    230 |    230 |      0 |      0 |      0 |   1 |  230.0 |
       Dungeon |    230 |    230 |      0 |      0 |      0 |   1 |  230.0 |
               +--------+--------+--------+--------+--------+-----+--------+

Top non-repeatable levels by time:
     D:1: 230 daAuts
